cohdb
Replays
Latest Replays
All Replays
Popular Replays
Top Player Replays
Match Explorer
How It Works
Community
CoH3 Stats
Reddit
Sign in to upload your games and track your stats! →
Sign in with Steam
Match 45881506
Unlisted
Match 45881506
Overview
Messages
Build Orders
End
Selects Airborne Battlegroup
Selects Pathfinders
Pathfinder Squad
Construct Barracks
Riflemen Squad
Riflemen Squad
Construct Medical Station
Infantry Support Center
Selects Paratrooper Squad Paradrop
Paratrooper Squad Paradrop
Construct Motor Pool
M8 Greyhound Armored Car
Engineer Squad
Selects Anti-tank Gun Team Paradrop
Anti-tank Gun Team Paradrop
M1918 Browning Automatic Rifles
Selects Recon Loiter
Anti-tank Gun Team Paradrop
Construct Tank Depot
M4A1 Sherman Medium Tank
Recon Loiter
M4(105) Sherman Bulldozer
Recon Loiter
Grenade Package
M18 Hellcat Tank Destroyer
Anti-tank Gun Team Paradrop
Survival Training
Recon Loiter
M18 Hellcat Tank Destroyer
Advanced Logistics
Callsign: "Clowndog Zulu"
smallNhii
BlueSkidrow™ Legion
Xufe
0
0
Comments
sign in to comment!
No comments posted yet!